 Dungeon Crawl Stone Soup version 0.25-b1-23-ge2ad7d536c (webtiles) character file.

Game seed: 7687818590948730934, levelgen mode: deterministic

481 Esekla the Slasher (level 7, 0/66 HPs)
             Began as a Naga Abyssal Knight on June 1, 2020.
             Was a Follower of Lugonu.
             Slain by an orc wizard
             ... wielding a cursed -3 dagger
              (1 damage)
             ... on level 3 of the Dungeon.
             The game lasted 00:25:35 (2654 turns).

Esekla the Slasher (Naga Abyssal Knight)            Turns: 2654, Time: 00:25:35

Health: 0/66       AC:  6    Str: 16    XL:     7   Next: 12%
Magic:  17/17      EV:  9    Int: 12    God:    Lugonu [*.....]
Gold:   137        SH:  0    Dex: 11    Spells: 6/6 levels left

rFire    . . .     SeeInvis +   a - +2 falchion
rCold    . . .     Gourm    .   (no shield)
rNeg     + . .     Faith    .   r - +0 robe {rN+}
rPois    +         Spirit   .   d - +2 helmet
rElec    .         Reflect  .   (no cloak)
rCorr    .         Harm     .   (no gloves)
MR       .....                  (no barding)
Stlth    ++........             (no amulet)
HPRegen  0.21/turn              e - ring of flight
MPRegen  0.15/turn              p - ring of magical power

@: very slow
A: large, see invisible, deformed body, poison resistance, slowness 2, slow
metabolism 1, spit poison 1, AC +2
a: Spit Poison, Depart the Abyss, Renounce Religion, Evoke Flight


You were on level 3 of the Dungeon.
You worshipped Lugonu.
Lugonu was aware of your devotion.
You were hungry.

You visited 1 branch of the dungeon, and saw 4 of its levels.
You visited the Abyss 1 time.

You collected 137 gold pieces.

Inventory:

Hand Weapons
 a - a +2 falchion (weapon)
Missiles
 h - 7 boomerangs (quivered)
Armour
 d - a +2 helmet (worn)
 j - a +2 leather armour of fire resistance
 r - a +0 robe of positive energy (worn)
Jewellery
 e - a ring of flight (left hand)
 n - a cursed amulet of regeneration {unknown}
 p - a ring of magical power (right hand)
Scrolls
 f - a scroll of enchant weapon
 i - 2 scrolls of identify
 q - 2 scrolls of remove curse
Potions
 b - a potion of brilliance
 g - a potion of resistance {unknown}
 l - a potion of mutation {unknown}
 m - 2 potions of curing {unknown}
 o - a potion of lignification
Comestibles
 c - 7 rations


   Skills:
 + Level 4.6 Fighting
 + Level 5.5 Long Blades
 + Level 1.4 Throwing
 - Level 2.0 Armour
 - Level 1.1 Dodging
 + Level 2.7 Stealth
 + Level 2.1 Invocations


You had 6 spell levels left.
You didn't know any spells.
Your spell library contained the following spells:

 Spells                   Type           Power        Failure   Level  Hunger
 Corpse Rot               Necr/Air       N/A          45%         2    ###....
 Stone Arrow              Conj/Erth      #.....       69%         3    ####...
 Summon Forest            Summ/Tloc      #.........   100%        5    ######.
 Eringya's Noxious Bog    Tmut/Pois      #.........   100%        6    #######
 Hydra Form               Tmut           #.........   100%        6    #######
 Summon Hydra             Summ           #.........   100%        7    #######


Dungeon Overview and Level Annotations

Branches:
Dungeon (4/15)
 Temple: D:4-7

Altars:

Annotations:
D:3 Jessica


Innate Abilities, Weirdness & Mutations

You cannot wear boots.
Your serpentine skin is tough. (AC +2)
You have supernaturally acute eyesight. (SInv)
Armour fits poorly on your strangely shaped body.
Your system is resistant to poisons. (rPois)
You cover ground very slowly.
You have a slow metabolism.
You can spit poison.


Message History

You have got your breath back.
The orc wizard barely misses you.
The orc wizard hits you but does no damage.
The orc wizard closely misses you.
The orc wizard gestures at you while chanting.
The puff of frost hits you!
* * * LOW HITPOINT WARNING * * *
The orc wizard hits you but does no damage.
The orc wizard hits you but does no damage.
The worm closely misses you.
You riposte.
The orc shouts!
You slash the worm!
The worm is heavily wounded.
The orc wizard hits you but does no damage.
The orc wizard hits you with a cursed -3 dagger.
* * * LOW HITPOINT WARNING * * *
The orc hits you with a +0 dagger.
* * * LOW HITPOINT WARNING * * *
The orc wizard hits you with a cursed -3 dagger.
You die...

###.oo. #...........
....... ##.o.†....... ##
##............. <#
##................ o#
#................. .#
#................. .#
#...o............. ##
#####.................
#.......wo@...........
#†####.....(..........
#.#)#####.[.......(.....
#.....S.................
###.#####.#.........$...
...#...#.##............
#####.#.#.###...........
#....<..#.# ##..........
#.##.##@#.# ##.........


You could see a worm, an orc wizard (fast) and 2 orcs.

Vanquished Creatures
  Grinder (D:3)
  A scorpion (D:4)
  A howler monkey (D:4)
  A hound (D:4)
  An orc wizard (D:4)
  An iguana (D:4)
  A worker ant (D:4)
  3 adders
  An ooze (D:2)
  4 worms
  3 dart slugs
  3 leopard geckos
  2 orcs
  6 goblins
  5 hobgoblins
  A quokka (D:2)
  2 ball pythons (D:3)
  2 bats
  2 frilled lizards
  6 kobolds
  A quokka skeleton (D:4)
  8 rats
56 creatures vanquished.

Notes
Turn   | Place    | Note
-------+----------+-------------------------------------------
     0 | Abyss:1  | Esekla the Naga Abyssal Knight began the quest for the Orb.
     0 | Abyss:1  | Reached XP level 1. HP: 21/21 MP: 2/2
    21 | Abyss:2  | Found a corrupted altar of Lugonu.
    67 | Abyss:2  | Noticed a small abomination
    68 | Abyss:2  | Noticed a large abomination
    71 | Abyss:2  | Noticed a sixfirhy
    87 | Abyss:3  | Noticed a spatial maelstrom
    92 | Abyss:3  | Noticed a necromancer
    93 | D:1      | Escaped the Abyss
   451 | D:1      | Reached XP level 2. HP: 11/28 MP: 3/3
   663 | D:1      | Reached * piety under Lugonu
   779 | D:2      | Reached XP level 3. HP: 31/34 MP: 4/4
   894 | D:2      | Reached skill level 1 in Dodging
  2059 | D:3      | Noticed Jessica
  2073 | D:3      | Reached XP level 4. HP: 29/44 MP: 5/5
  2098 | D:2      | Reached skill level 3 in Long Blades
  2362 | D:3      | You fall into a shaft and drop 1 floor!
  2377 | D:4      | Reached skill level 1 in Stealth
  2386 | D:4      | Reached XP level 5. HP: 50/50 MP: 6/6
  2465 | D:4      | Reached skill level 4 in Long Blades
  2465 | D:4      | Reached skill level 1 in Throwing
  2544 | D:4      | Reached XP level 6. HP: 35/57 MP: 7/7
  2591 | D:3      | Noticed Grinder
  2620 | D:3      | Paralysed by Grinder for 6 turns
  2642 | D:3      | Killed Grinder
  2642 | D:3      | Reached skill level 5 in Long Blades
  2642 | D:3      | Reached XP level 7. HP: 14/66 MP: 8/8
  2653 | D:3      | HP: 3/66 [orc wizard/cursed -3 dagger (3)]
  2653 | D:3      | HP: 1/66 [orc/+0 dagger (2)]
  2654 | D:3      | Slain by an orc wizard

Illustrated notes

Levels and vault maps discovered:
D:1:      erik_arrival_triangle_large, layout_loops_ring
D:2:      layout_basic, first_ration, minmay_fractal_squares_5
D:3:      layout_basic, vehumet_crystals, cheibrodos_sewer_entry_drain,
          grunt_decor_fettered, uniq_grinder, uniq_jessica
D:4:      layout_cave_pools, ebering_ghost_reflecting_pool

Skill      XL: |  1  2  3  4  5  6 |
---------------+-------------------+-----
Armour         | 2 |  2.0
Dodging        | 1 |  1.1
Long Blades    | 3 4 5 |  5.5
Stealth        | 1 2 |  2.7
Fighting       | 4 |  4.6
Throwing       | 1 |  1.4
Invocations    | |  2.1

Action                   |  1- 3 |  4- 6 |  7- 9 || total
-------------------------+-------+-------+-------++-------
Melee: Falchion          |    90 |    80 |     3 ||   173
Throw: Boomerang         |     5 |     4 |       ||     9
Invok: Depart the Abyss  |     1 |       |       ||     1
 Abil: Spit Poison       |     9 |    13 |     1 ||    23
  Use: Scroll            |     5 |     6 |       ||    11
       Potion            |       |     3 |       ||     3
  Eat: Chunk             |     2 |     3 |       ||     5
Armor: Leather armour    |    23 |       |       ||    23
       Robe              |    10 |    30 |     2 ||    42
Dodge: Dodged            |    41 |    48 |     5 ||    94
       Rpst.: Falchion   |    15 |    19 |     1 ||    35
